AoeStats
← 酒醉上義姬

Arena

509413349Analyzed
4v4 RM · 7d ago on Sep 26, 2026· 37m 17s· 8 players
Game mode
Random Map
Map size
Large (8 player)
Population
200
Speed
Normal
Resources
Standard
Victory
Conquest
Starting age
Dark Age
Ending age
Imperial Age
RankedLock teamsTeams togetherTeam positionsShared explorationLock speedFull tech treeHidden civsTurbo modeCheats
Victory
Defeat
🇮🇩 Danes · Indonesia
1346
+15
🇧🇷 Muisca · Brazil
1334
+15
🇪🇸 Cumans · Spain
1334
+15
🇷🇺 Khmer · Russia
1278
+17
🇹🇼 Persians · Taiwan
1436
-20
🇹🇼 Danes · Taiwan
1432
-20
🇹🇼 Bulgarians · Taiwan
1223
-12
🇹🇼 Portuguese · Taiwan
1160
-10
破皮大師
11:54 Feudal Age
15:24 Castle Age
16:32 Double-Bit Axe
24:08 Wheelbarrow
25:26 Bow Saw
25:00 Horse Collar
26:55 Hand Cart
29:39 Imperial Age
28:56 Masonry
31:12 Loom
31:37 Scale Barding Armor
31:43 Forging
35:29 Chain Barding Armor
36:22 Architecture
綾瀨 奏
0:28 Loom
12:34 Feudal Age
14:08 Wheelbarrow
16:37 Castle Age
14:45 Horse Collar
16:16 Double-Bit Axe
23:00 Town Watch
27:14 Gold Mining
27:15 Stone Mining
32:14 Imperial Age
30:02 Heavy Plow
30:30 Fortified Wall
32:46 Murder Holes
34:50 Hand Cart
35:36 Chemistry
36:40 Bombard Tower
36:42 Ballistics
36:28 Siege Engineers
36:58 Arquebus
Sion
10:42 Feudal Age
15:35 Castle Age
13:44 Double-Bit Axe
13:50 Horse Collar
17:33 Bow Saw
17:25 Heavy Plow
22:33 Wheelbarrow
21:48 Loom
25:56 Forging
25:52 Scale Barding Armor
26:12 Gold Mining
28:56 Imperial Age
26:54 Stone Mining
30:10 Iron Casting
29:56 Chain Barding Armor
29:12 Elite War Elephant
33:37 Blast Furnace
33:13 Plate Barding Armor
34:01 Citadels
34:14 Fletching
35:05 Hand Cart
34:36 Town Watch
35:39 Bodkin Arrow
stevenchiu
7:50 Loom
9:37 Feudal Age
13:21 Castle Age
11:43 Gold Mining
11:40 Loom
12:33 Double-Bit Axe
12:31 Horse Collar
19:00 Forging
19:06 Bow Saw
20:25 Wheelbarrow
20:00 Heavy Plow
22:09 Hand Cart
23:24 Stone Mining
23:24 Gold Mining
24:17 Town Watch
25:39 Scale Mail Armor
25:50 Forging
29:07 Imperial Age
26:42 Town Patrol
26:52 Town Patrol
28:47 Chain Mail Armor
29:07 Iron Casting
30:34 Plate Mail Armor
31:05 Blast Furnace
29:34 Hamask
29:56 Onager
30:23 Elite Varangian Guard
31:13 Squires
30:58 Gambesons
32:33 Conscription
35:48 Conscription
35:01 Elite Jomsviking
35:46 Arson
35:33 Siege Onager
36:29 Siege Engineers
酒醉上義姬
10:07 Feudal Age
11:21 Loom
14:17 Castle Age
12:04 Double-Bit Axe
12:30 Horse Collar
16:03 Bow Saw
16:44 Heavy Plow
17:27 Gold Mining
17:31 Stone Mining
20:11 Gold Shaft Mining
24:55 Arson
25:47 Forging
25:39 Gambesons
26:00 Scale Mail Armor
27:40 Hamask
31:24 Chain Mail Armor
34:37 Iron Casting
35:34 Squires
34:58 Pikeman
Neinkaiser
8:58 Feudal Age
9:36 Double-Bit Axe
9:55 Horse Collar
19:53 Castle Age
18:48 Wheelbarrow
18:22 Gold Mining
18:48 Forging
18:38 Loom
19:10 Scale Barding Armor
21:01 Hand Cart
21:15 Bow Saw
21:24 Bloodlines
21:39 Chain Barding Armor
21:40 Heavy Plow
21:52 Town Watch
23:19 Iron Casting
23:19 Capped Ram
31:36 Masonry
35:42 Imperial Age
33:36 Town Patrol
33:16 Light Cavalry
33:48 Fletching
35:07 Gold Shaft Mining
34:23 Stone Mining
35:27 Bodkin Arrow
35:33 Scale Mail Armor
35:36 Squires
34:57 Pikeman
35:22 Arson
35:54 Siege Ram
35:56 Elite Steppe Lancer
37:17 Plate Barding Armor
37:45 Blast Furnace
37:27 Crop Rotation
Karzul
10:01 Feudal Age
13:55 Castle Age
14:56 Loom
15:01 Town Watch
15:31 Loom
17:27 Double-Bit Axe
19:19 Horse Collar
21:26 Bow Saw
25:10 Wheelbarrow
24:36 Stone Mining
28:17 Imperial Age
25:43 Gold Mining
26:02 Heavy Plow
26:54 Fletching
27:24 Padded Archer Armor
28:52 Bodkin Arrow
28:19 Crossbowman
28:46 Champi Runner
29:27 Scale Mail Armor
29:38 Forging
30:27 Arbalester
31:10 Bracer
31:47 Hand Cart
31:13 Champi Warrior
32:10 Chain Mail Armor
32:31 Iron Casting
32:19 Squires
31:58 Arbalester
33:40 Chemistry
33:08 Elite Champi Warrior
34:19 Plate Mail Armor
36:00 Thumb Ring
36:16 Ballistics
36:40 Herbalism
ExeQt0r
10:15 Feudal Age
13:25 Castle Age
11:34 Double-Bit Axe
11:32 Horse Collar
13:06 Wheelbarrow
21:22 Bow Saw
23:13 Heavy Plow
24:49 Stone Mining
24:50 Gold Mining
29:36 Imperial Age
28:32 Scale Barding Armor
28:19 Fletching
28:43 Bloodlines
28:34 Husbandry
29:42 Gold Shaft Mining
29:42 Stone Shaft Mining
28:55 Town Watch
28:56 Loom
29:27 Hand Cart
29:50 Chain Barding Armor
29:39 Elite Ballista Elephant
31:05 Siege Engineers
31:04 Double Crossbow
32:14 Plate Barding Armor
32:27 Crop Rotation
33:16 Chemistry
33:55 Conscription
33:33 Bodkin Arrow
34:00 Ballistics
35:21 Hoardings
34:48 Bracer
38:06 Masonry
37:52 Murder Holes
38:07 Fortified Wall
Connection lost

Rejoining the realm…

Still unreachable

The connection could not be restored.

Session expired

The server has moved on; the page needs a fresh start.